 Dungeon Crawl Stone Soup version 0.29.0-11-gd7f09526c8 (webtiles) character file.

Game seed: 6286511002879973830

0 sentinel the Digger (level 1, -9/14 HPs)
             Began as a Meteoran Earth Elementalist on Sept 5, 2022.
             Mangled by a wight
             ... wielding a +5 great sword
              (15 damage)
             ... on level 4 of the Dungeon.
             The game lasted 00:00:42 (133 turns).

sentinel the Digger (Meteoran Earth Elementalist)    Turns: 133, Time: 00:00:43

Health: -9/14      AC:  2    Str:  9    XL:     1   Next: 14%
Magic:  3/5        EV: 12    Int: 16    God:
Gold:   0          SH:  0    Dex: 14    Spells: 4/5 levels left

rFire   . . .      SeeInvis .   (no weapon)
rCold   . . .      Faith    .   (no shield)
rNeg    . . .      Spirit   .   a - +0 robe
rPois   .          Reflect  .   (no helmet)
rElec   .          Harm     .   (no cloak)
rCorr   .          Rampage  .   (no gloves)
Will    .....                   (no boots)
Stlth   +.........              (no amulet)
HPRegen 0.04/turn               (no ring)
MPRegen 0.09/turn               (no ring)

@: glowing
A: sense surroundings 1, otherworldly, glowing, explore regen
a: no special abilities


You were on level 4 of the Dungeon.
You visited 1 branch of the dungeon, and saw 4 of its levels.

Inventory:

Armour
 a - a +0 robe (worn)
Potions
 b - a potion of magic
 c - a potion of lignification {unknown}


   Skills:
 - Level 2.4 Dodging
 - Level 1.4 Stealth
 - Level 2.6 Spellcasting
 - Level 1.2 Transmutations
 + Level 3.7 Earth Magic


You had 4 spell levels left.
You knew the following spells:

 Your Spells              Type           Power      Damage    Failure   Level
a - Sandblast             Erth           26%        2d8       4%          1

Your spell library contained the following spells:

 Spells                   Type           Power      Damage    Failure   Level
 Passwall                 Tmut/Erth      8%         N/A       11%         2
 Stone Arrow              Conj/Erth      16%        3d8       26%         3
 Petrify                  Tmut/Erth      10%        N/A       56%         4


Dungeon Overview and Level Annotations

Branches:
Dungeon (4/15) Zot: 2264
 Temple: D:4-7

Altars:

Shops:
D:4 *


Innate Abilities, Weirdness & Mutations

You passively map a small area around you.
You are easily found by Zot.
You glow in the dark.
You regain HP and MP as you explore.


Message History

Welcome, sentinel the Meteoran Earth Elementalist.
Will you be the one to retrieve the magnificent Orb of Zot from the depths?
Press ? for a list of commands and other information.
Found a staircase leading out of the dungeon.
Found a stone staircase leading down.
There is a stone staircase leading down here.
You climb downwards.
There is a stone staircase leading up here.
Found a stone staircase leading down.
There is a stone staircase leading down here.
You climb downwards.
There is a stone staircase leading up here.
Found a stone staircase leading down.
There is a stone staircase leading down here.
You climb downwards.
Found a black potion and a short sword.
There is a stone staircase leading up here.
Found a stone staircase leading up.
You see here a black potion.
c - a black potion
Found an escape hatch in the floor.
An iguana comes into view.
A wight comes into view. It is wielding a +4 flail.
Found Haephonu's Assorted Antiques.
The iguana hisses angrily.
Okay, then.
The iguana hisses menacingly.
Found a stone staircase leading up.
Found a scroll labelled RAENWA VINUSCH.
Found a scroll labelled VYROBB NIXTAINAU.
There is a stone staircase leading up here.
You climb upwards.
Found 5 gold pieces.
There is a stone staircase leading down here.
Unknown command.
You open the door.
There is an open door here.
A rat comes into view.
You can't see any susceptible monsters within range! (Use Z to cast anyway.)
The blast of sand hits the rat!
You kill the rat!
You can't see any susceptible monsters within range! (Use Z to cast anyway.)
You open the door.
Found a ring mail.
There is an open door here.
Found 8 gold pieces.
A ball python comes into view.
The ball python hisses angrily.
The ball python moves out of view.
Found a stone staircase leading down.
There is a stone staircase leading down here.
You climb downwards.
There is a stone staircase leading up here.
A wight comes into view. It is wielding a +5 great sword.
You see here a +0 short sword.
The blast of sand hits the wight.
The wight is lightly damaged.
The wight hits you with a +5 great sword!
Ouch! That really hurt!
The blast of sand hits the wight!
The wight is heavily damaged.
The wight closely misses you.
The blast of sand hits the wight!
The wight is almost destroyed.
The wight hits you with a +5 great sword!
Ouch! That really hurt!
You die...

#.......# #
#......## , *
#...z..###### ,
∩....###........ , #
.⌠##* #..#######* ..
* #.## **
##.#######.#######.,
#.........<........
, ,,
,*##z@....######## ,
, * ###....# #....#
#....# * * #....#
#....# #....# #.<..#
######


You could see a wight.

Vanquished Creatures
  A rat (D:3)
1 creature vanquished.

Notes
Turn   | Place    | Note
-------+----------+-------------------------------------------
     0 | D:1      | sentinel the Meteoran Earth Elementalist began the quest
                  | for the Orb.
     0 | D:1      | Reached XP level 1. HP: 14/14 MP: 5/5
    55 | D:4      | Noticed a wight
    62 | D:4      | Noticed an iguana
    63 | D:4      | Found Haephonu's Assorted Antiques.
    63 | D:4      | Noticed a wight
   129 | D:4      | Noticed a wight
   133 | D:4      | Mangled by a wight

Illustrated notes

Levels and vault maps discovered:
D:1:      psy_arrival_radial01, layout_loops_ring,
          nicolae_concentric_dashed_squares_mild
D:2:      layout_loops_cross, shapermc_ecumenical_altar_totnotflames
D:3:      layout_basic
D:4:      layout_rooms, serial_shops, shop_fountains

Action                   || total
-------------------------++-------
 Cast: Sandblast         ||     4
Dodge: Dodged            ||     1
